 Dungeon Crawl Stone Soup version 0.26-b1-32-g5d43845318 (webtiles) character file.

Game seed: 7470389029580405058

189 inmateoo the Insei (level 6, -2/36 HPs)
             Began as a Kobold Transmuter on Jan 13, 2021.
             Slain by a hound (3 damage)
             ... on level 4 of the Dungeon.
             The game lasted 00:04:44 (4698 turns).

inmateoo the Insei (Kobold Transmuter)              Turns: 4698, Time: 00:04:45

Health: -2/36      AC:  2    Str:  7    XL:     6   Next: 0%
Magic:  18/19      EV: 22    Int: 16    God:
Gold:   251        SH:  0    Dex: 21    Spells: 5/11 levels left

rFire    . . .     SeeInvis .     - Unarmed
rCold    . . .     Faith    .   (shield currently unavailable)
rNeg     . . .     Spirit   .   (armour currently unavailable)
rPois    x         Reflect  .   (helmet currently unavailable)
rElec    .         Harm     .   (cloak currently unavailable)
rCorr    .         Rampage  .   (gloves currently unavailable)
Will     .....                  (boots currently unavailable)
Stlth    +++.......             (no amulet)
HPRegen  0.12/turn              d - ring of magical power
MPRegen  0.16/turn              (no ring)

@: spider-form (expiring), attractive
A: tiny, nightstalker 3
a: End Transformation


You were on level 4 of the Dungeon.
You were a venomous arachnid creature.
You visited 1 branch of the dungeon, and saw 4 of its levels.

You collected 251 gold pieces.

Inventory:

Missiles
 a - 6 boomerangs
Armour
 b - a cursed +0 pair of boots (melded)
 f - a +0 ring mail
 i - a +0 leather armour (melded)
 o - a +1 cloak (melded)
Jewellery
 d - a ring of magical power (left front leg)
Scrolls
 c - 2 scrolls of teleportation
 n - a scroll of fog
Potions
 e - 3 potions of haste
 g - a potion of ambrosia
 j - a potion of brilliance
 k - 2 potions of lignification {unknown}
 l - a potion of curing {unknown}
 m - 2 potions of attraction
 p - 2 potions of heal wounds {unknown}


   Skills:
 + Level 2.3 Fighting
 + Level 3.3 Dodging
 - Level 2.0 Stealth
 + Level 3.6 Unarmed Combat
 * Level 3.1 Spellcasting
 * Level 3.0 Transmutations
 * Level 1.3 Poison Magic


You had 5 spell levels left.
You knew the following spells:

 Your Spells              Type           Power        Failure   Level
a - Beastly Appendage     Tmut           24%          16%         1
b - Wereblood             Tmut           12%          21%         2
c - Spider Form           Tmut/Pois      4%           43%         3

Your spell library contained the following spells:

 Spells                   Type           Power        Failure   Level
 Animate Skeleton         Necr           4%           38%         1
 Apportation              Tloc           4%           38%         1
 Corona                   Hex            2%           38%         1
 Summon Small Mammal      Summ           8%           38%         1
 Ice Form                 Ice/Tmut       7%           86%         4
 Blade Hands              Tmut           6%           93%         5


Dungeon Overview and Level Annotations

Branches:
Dungeon (4/15)
 Temple: D:4-7

Altars:
Sif Muna


Innate Abilities, Weirdness & Mutations

You are small and have problems with some larger weapons.
You are completely attuned to the shadows.


Message History

Ijyb hits you with a +0 club.
Unknown command.
You barely miss Ijyb.
Ijyb is almost dead.
The hound misses you.
Ijyb zaps a wand.
The puff of flame hits you!
* * * LOW HITPOINT WARNING * * *
Unknown command.
You hit Ijyb.
You kill Ijyb!
The hound completely misses you. The hound barely misses you.
Your Transmutations skill increases to level 3!
You have reached level 6!
Your experience leads to an increase in your attributes!
Your base attributes are Str 7, Int 15, Dex 16.
Increase (S)trength, (I)ntelligence, or (D)exterity?
You feel clever.
It was a potion of attraction.
You feel attractive to monsters. The hound bites you.
You die...

(....≈ . .......
#..##.....§# #
#........§≈#≈≈§§
######..##.#...≈≈#≈§+
##.............§§≈§≈.
##.#.###.###..§h§..≈.
.....# #.# #....s)...
...#.###.####..######
####...........# #
###.#########
######.# .......#
########


You could see a hound.

Vanquished Creatures
  An orc wizard (D:3)
  Ijyb (D:4)
  5 adders (D:3)
  2 oozes
  3 worms (D:2)
  2 dart slugs
  3 leopard geckos
  8 orcs (D:3)
  2 giant cockroaches
  8 goblins
  3 hobgoblins (D:1)
  3 jackals (D:1)
  6 kobolds
  8 bats
  3 frilled lizards
  5 rats
63 creatures vanquished.

Notes
Turn   | Place    | Note
-------+----------+-------------------------------------------
     0 | D:1      | inmateoo the Kobold Transmuter began the quest for the Orb.
     0 | D:1      | Reached XP level 1. HP: 12/12 MP: 3/3
    76 | D:1      | Reached XP level 2. HP: 13/16 MP: 3/5
   235 | D:1      | Learned a level 2 spell: Wereblood
   555 | D:1      | Reached skill level 1 in Stealth
   672 | D:1      | Reached XP level 3. HP: 20/20 MP: 4/6
  1506 | D:2      | Learned a level 3 spell: Spider Form
  1651 | D:2      | Reached XP level 4. HP: 15/26 MP: 5/7
  3344 | D:3      | Reached XP level 5. HP: 22/30 MP: 9/9
  4186 | D:3      | Reached skill level 1 in Poison Magic
  4581 | D:4      | Found a shimmering blue altar of Sif Muna.
  4674 | D:4      | Noticed Ijyb
  4696 | D:4      | HP: 1/30 [Ijyb/puff of flame (10)]
  4697 | D:4      | Killed Ijyb
  4698 | D:4      | Reached XP level 6. HP: 1/36 MP: 10/10
  4698 | D:4      | Slain by a hound

Illustrated notes

Levels and vault maps discovered:
D:1:      nzn_arrival_depleted_hourglass, layout_rooms
D:2:      layout_loops_cross, chequers_serial_rivers_small_b
D:3:      layout_basic
D:4:      layout_loops_ring, led_sif_pool, nicolae_qazlal_general_emergency,
          lemuel_coloured_pillars_altar, serial_shops, shop,
          doesnt_xom_only_xom, uniq_crazy_yiuf_cottage, uniq_blork_the_orc,
          uniq_ijyb, uniq_eustachio

Skill      XL: |  1  2  3  4  5 |
---------------+----------------+-----
Stealth        | 1 2 |  2.0
Dodging        | 3 |  3.3
Fighting       | 2 |  2.3
Spellcasting   | 3 |  3.1
Poison Magic   | 1 |  1.3
Transmutations | 3 |  3.0
Unarmed Combat | |  3.6

Action                   |  1- 3 |  4- 6 || total
-------------------------+-------+-------++-------
Melee: Unarmed           |    92 |   145 ||   237
       Kick              |    27 |    14 ||    41
       Headbutt          |    10 |     5 ||    15
       Punch             |     1 |     2 ||     3
 Cast: Beastly Appendage |    21 |    11 ||    32
       Spider Form       |       |     3 ||     3
  Use: Scroll            |     7 |     5 ||    12
       Potion            |       |     1 ||     1
 Stab: Sleeping          |     9 |    10 ||    19
Armor: Robe              |     4 |       ||     4
       Leather armour    |     3 |    23 ||    26
       Skin              |       |     1 ||     1
Dodge: Dodged            |    53 |   106 ||   159
